Map: Ulrena

Players

Jhyrachy

  • Race: Zerg Zerg
  • League: Gold

TAS - Winner!

  • Race: Protoss Protoss

VOD

Have the link to the VOD?

Description

Time

  • Played on: April 18, 2016, 10:16 a.m.
  • Length: 12:18
Show
View Real Time Build Order
Export as new Build Order

Jhyrachy Zerg 

Build Orders: Pool First 

Get SALT Encoding   

  12  0:01  Drone  
  13  0:12  Drone  
  14  0:17  Overlord  
  14  0:35  Drone x3  
  17  0:56  Extractor  
  16  1:00  Spawning Pool  
  16  1:03  Drone  
  16  1:04  Drone  
  17  1:24  Drone x2  
  19  1:34  Drone  
  20  1:45  Drone  
  21  1:54  Extractor, Queen  
  21  1:58  Overlord  
  22  2:23  Zergling x6  
  25  2:54  Hatchery  
  24  3:15  Lair  
  23  3:35  Roach Warren  
  22  3:53  Drone x4  
  22  3:54  Drone x2  
  28  4:12  Zergling x4  
  28  4:15  Spine Crawler  
  29  4:19  Queen  
  29  4:22  Spine Crawler  
  30  4:25  Zergling x10  
  30  4:29  Queen  
  29  4:57  Drone x7  
  35  5:18  Extractor  
  35  5:20  Extractor  
  33  5:23  Spire  
  33  5:25  Drone x4  
  33  5:26  Overlord  
  36  5:57  Spore Crawler  
  36  6:01  Spore Crawler  
  34  6:15  Overlord  
  34  6:16  Overlord  
  34  6:43  Mutalisk x2  
  34  6:44  Mutalisk x8  
  54  6:50  Drone x2  
  56  7:21  Mutalisk  
  56  7:22  Mutalisk x2  
  56  7:25  Overlord x2  
  60  7:43  Drone x2  
  60  7:44  Drone  
  63  7:46  Drone x4  
  61  8:31  Metabolic Boost  
  61  8:38  Mutalisk x5, Evolution Chamber  
  61  8:39  Mutalisk x3  
  76  8:47  Overlord x2  
  76  8:56  Hydralisk Den  
  75  9:13  Overlord x3  
  75  9:17  Zerg Missile Weapons Level 1  
  75  9:44  Muscular Augments  
  75  9:46  Hydralisk x8  
  89  10:05  Overlord x2  
  89  10:06  Hydralisk  
  91  10:22  Overlord x2  
  91  10:27  Hydralisk x5  
  101  10:48  Hatchery  
  100  11:03  Drone  
  101  11:04  Drone x6  
  81  11:46  Mutalisk x9  
  81  11:47  Mutalisk x2  
Show
View Real Time Build Order
Export as new Build Order

TAS Protoss - Winner!

Build Orders:  

Get SALT Encoding   

  12  0:00  Probe (Chrono Boost)  
  13  0:11  Probe (Chrono Boost)  
  14  0:18  Pylon  
  14  0:22  Probe (Chrono Boost)  
  15  0:36  Probe (Chrono Boost)  
  16  0:43  Pylon  
  16  0:47  Probe (Chrono Boost)  
  16  1:21  Nexus  
  16  1:25  Probe (Chrono Boost)  
  17  1:26  Gateway  
  17  1:32  Assimilator  
  17  1:37  Assimilator, Probe (Chrono Boost)  
  18  1:47  Probe (Chrono Boost)  
  19  1:58  Probe (Chrono Boost)  
  21  2:08  Probe (Chrono Boost)  
  21  2:17  Cybernetics Core  
  21  2:20  Gateway  
  21  2:23  Probe (Chrono Boost), Pylon  
  22  2:34  Probe (Chrono Boost)  
  22  2:35  Probe (Chrono Boost)  
  24  2:44  Probe (Chrono Boost)  
  24  2:46  Probe (Chrono Boost)  
  26  2:53  Adept  
  26  2:57  Mothership Core (Chrono Boost)  
  30  3:00  Probe (Chrono Boost)  
  31  3:09  Adept  
  31  3:11  Probe (Chrono Boost)  
  34  3:15  Assimilator, Probe (Chrono Boost)  
  35  3:21  Probe (Chrono Boost)  
  36  3:27  Adept  
  36  3:29  Probe (Chrono Boost)  
  36  3:32  Probe (Chrono Boost)  
  40  3:34  Pylon  
  40  3:40  Probe (Chrono Boost)  
  41  3:42  Probe (Chrono Boost)  
  42  3:53  Pylon  
  42  3:54  Probe (Chrono Boost)  
  42  3:55  Assimilator, Probe (Chrono Boost)  
  44  3:57  Warp Gate  
  44  4:00  Adept  
  44  4:02  Adept  
  48  4:08  Probe x2 (Chrono Boost)  
  50  4:19  Probe x2 (Chrono Boost)  
  50  4:20  Stargate  
  52  4:47  Adept x2  
  52  5:14  Adept x2  
  52  5:19  Robotics Facility  
  56  5:21  Forge  
  56  5:23  Forge  
  56  5:25  Probe x2 (Chrono Boost), Twilight Council  
  56  5:27  Gateway  
  58  5:29  Gateway  
  58  5:31  Phoenix  
  60  5:38  Probe x2 (Chrono Boost)  
  62  5:45  Nexus  
  62  5:48  Pylon  
  62  5:51  Pylon  
  62  6:06  Phoenix, Probe x2 (Chrono Boost), Adept x2  
  70  6:14  Robotics Facility  
  70  6:22  Protoss Ground Weapons Level 1, Protoss Ground Armor Level 1  
  70  6:23  Resonating Glaives  
  70  6:29  Probe x2 (Chrono Boost)  
  72  6:33  Adept x2  
  78  6:40  Probe x2 (Chrono Boost)  
  78  6:46  Pylon  
  78  6:48  Pylon  
  78  6:51  Pylon  
  78  6:53  Pylon  
  78  6:57  Phoenix, Probe x2 (Chrono Boost)  
  82  7:05  Adept x4  
  82  7:08  Probe x2 (Chrono Boost)  
  92  7:19  Stargate  
  92  7:21  Stargate  
  92  7:27  Protoss Air Weapons Level 1  
  92  7:29  Stalker x3  
  98  7:31  Stalker  
  100  7:37  Phoenix  
  100  7:56  Stalker x4  
  105  8:04  Blink  
  97  8:11  Phoenix x3  
  85  8:30  Probe x3 (Chrono Boost)  
  88  8:38  Photon Cannon  
  88  8:40  Probe (Chrono Boost)  
  88  8:41  Probe x2 (Chrono Boost)  
  91  8:42  Photon Cannon  
  91  8:45  Phoenix  
  91  8:47  Phoenix  
  95  8:55  Phoenix  
  99  9:02  Probe (Chrono Boost)  
  99  9:03  Probe (Chrono Boost)  
  99  9:10  Pylon  
  99  9:20  Probe x2 (Chrono Boost)  
  99  9:21  Probe (Chrono Boost)  
  99  9:23  Phoenix  
  104  9:52  Phoenix x3  
  108  10:03  Probe x3 (Chrono Boost)  
  111  10:15  Adept x3  
  111  10:16  Adept  
  111  10:17  Phoenix  
  121  10:45  Adept x2  
  121  10:46  Adept x2  
  129  10:58  Pylon  
  129  11:03  Pylon  
  129  11:07  Adept x2  
  133  11:13  Photon Cannon  
  133  11:15  Photon Cannon  
  133  11:22  Photon Cannon  
  133  11:29  Photon Cannon  
  111  11:52  Phoenix x3  
  117  11:57  Probe x3 (Chrono Boost)  
  120  12:08  Probe x3 (Chrono Boost)  
Tags
 
Add a new tag
Caveats
  • Supply blocks, unpowered buildings, or Contaminate may cause inaccurate times.
  • Supply counts are checked every 10 seconds.